 Dungeon Crawl Stone Soup version 0.25-a0-294-gea9b1ad378 (webtiles) character file.

Game seed: 4619158187862474556, levelgen mode: deterministic

284 night the Ruffian (level 6, -19/48 HPs)
             Began as a Demonspawn Gladiator on Dec 17, 2019.
             Killed from afar by Pikel (21 damage)
             ... with a bolt of acid
             ... on level 4 of the Dungeon.
             The game lasted 00:08:40 (4314 turns).

night the Ruffian (Demonspawn Gladiator)            Turns: 4314, Time: 00:08:40

Health: -19/48     AC:  4    Str: 19 (20) XL:     6   Next: 7%
Magic:  6/6        EV: 12    Int: 10 (11) God:
Gold:   165        SH:  6    Dex: 12 (14) Spells: 5/5 levels left

rFire    . . .     SeeInvis .     - Unarmed
rCold    . . .     Gourm    .   (no shield)
rNeg     . . .     Faith    .   a - +0 leather armour
rPois    +         Spirit   .   (helmet restricted)
rElec    .         Reflect  .   (no cloak)
rCorr    .         Harm     .   j - +0 pair of gloves
MR       .....                  (no boots)
Stlth    +.........             (no amulet)
HPRegen  0.16/turn              b - ring of poison resistance
MPRegen  0.10/turn              (no ring)

@: mighty, flying
A: horns 1, large bone plates 2, rot immunity
a: no special abilities


You were on level 4 of the Dungeon.
You were not hungry.

You visited 1 branch of the dungeon, and saw 4 of its levels.

You collected 165 gold pieces.

Inventory:

Missiles
 c - 4 throwing nets
 f - 30 arrows
 g - 37 sling bullets
 h - 95 stones (quivered)
 s - 7 boomerangs
 t - 17 bolts
Armour
 a - a +0 leather armour (worn)
 j - a +0 pair of gloves (worn)
Jewellery
 b - a ring of poison resistance (left hand)
 r - an uncursed amulet of faith
Scrolls
 e - 6 scrolls of remove curse
 m - 3 scrolls of fear {unknown}
 p - a scroll of identify
Potions
 i - a potion of flight
 n - 2 potions of brilliance
Comestibles
 d - 6 rations
 u - 3 chunks of flesh


   Skills:
 + Level 4.0 Fighting
 - Level 1.7 Throwing
 - Level 2.6 Dodging
 * Level 5.3 Unarmed Combat


You had 5 spell levels left.
You didn't know any spells.
Your spell library contained the following spells:

 Spells                   Type           Power        Failure   Level  Hunger
 Magic Dart               Conj           #...         41%         1    ##.....
 Blink                    Tloc           N/A          56%         2    ###....
 Call Imp                 Summ           #.......     56%         2    ###....
 Slow                     Hex            #.......     56%         2    ###....
 Conjure Flame            Conj/Fire      #.......     80%         3    ####...
 Mephitic Cloud           Conj/Pois/Air  #.......     80%         3    ####...


Dungeon Overview and Level Annotations

Branches:
Dungeon (4/15)
 Temple: D:4-7

Altars:
Okawaru

Annotations:
D:4 Pikel


Innate Abilities, Weirdness & Mutations

You have a pair of small horns on your head.
You are mostly covered in large bone plates. (SH +6)
You are immune to rotting.


Message History

You fly up into the air.
The slave closely misses you.
It was a potion of curing.
You feel better. The slave misses you.
It was a potion of might.
You feel very mighty all of a sudden.
Pikel shouts!
You hear a shout!
The slave misses you.
It was a potion of magic.
Magic courses through your body. The slave barely misses you.
It was a potion of degeneration.
There was something very wrong with that liquid.
You feel weakened.
You feel dopey.
You feel clumsy. The slave closely misses you.
You punch the slave!
The slave is severely wounded.
The slave hits you!
* * * LOW HITPOINT WARNING * * *
You barely miss the slave.
The slave is severely wounded.
Pikel zaps a wand.
The bolt of acid hits you!!
You die...

####### ###### #...#.#
#..#.# .. #<....##
#####@...##.. #......#
#..#.p....... ##.....#
#............ ##...#.#
#..#....K....
#......#####....<.......
..........###.......>...
....#......##...........
#...#.#.....#....#......
#.....#....###...####...


You could see Pikel and a slave.

Vanquished Creatures
  2 slaves (D:4)
  A water moccasin zombie (D:3)
  2 orc priests (D:3)
  4 gnolls
  2 adders
  An ooze (D:2)
  5 worms
  A dart slug (D:1)
  A leopard gecko (D:4)
  9 orcs
  6 bats
  4 giant cockroaches (D:1)
  7 goblins
  12 hobgoblins
  5 jackals
  12 kobolds
  A quokka (D:3)
  2 ball pythons
  9 frilled lizards
  12 rats
98 creatures vanquished.

Notes
Turn   | Place    | Note
-------+----------+-------------------------------------------
     0 | D:1      | night the Demonspawn Gladiator began the quest for the Orb.
     0 | D:1      | Reached XP level 1. HP: 16/16 MP: 1/1
   335 | D:1      | Reached skill level 3 in Unarmed Combat
   354 | D:1      | Gained mutation: You are immune to rotting. [demonic
                  | ancestry]
   354 | D:1      | Reached XP level 2. HP: 14/22 MP: 2/2
   927 | D:1      | Gained mutation: You are partially covered in large bone
                  | plates. (SH +4) [demonic ancestry]
   927 | D:1      | Reached XP level 3. HP: 28/28 MP: 3/3
  1764 | D:2      | Reached skill level 4 in Unarmed Combat
  1764 | D:2      | Reached XP level 4. HP: 15/34 MP: 4/4
  2483 | D:3      | Found an iron altar of Okawaru.
  3131 | D:3      | Gained mutation: You have a pair of small horns on your
                  | head. [demonic ancestry]
  3131 | D:3      | Reached XP level 5. HP: 21/41 MP: 5/5
  3601 | D:3      | Reached skill level 5 in Unarmed Combat
  3903 | D:3      | Gained mutation: You are mostly covered in large bone
                  | plates. (SH +6) [demonic ancestry]
  3903 | D:3      | Reached XP level 6. HP: 43/48 MP: 6/6
  4268 | D:4      | Noticed a slave
  4268 | D:4      | Noticed a slave
  4268 | D:4      | Noticed a slave
  4269 | D:4      | Noticed Pikel
  4291 | D:4      | Killed a slave
  4296 | D:4      | Killed a slave
  4313 | D:4      | HP: 2/48 [slave[Pikel] (7)]
  4314 | D:4      | Killed from afar by Pikel

Levels and vault maps discovered:
D:1:      dpeg_arrival_tiny_a, layout_basic
D:2:      layout_basic, minmay_bisected
D:3:      layout_loops_ring, okawaru_gym_becter
D:4:      layout_cave_pools, uniq_pikel, uniq_natasha

Skill      XL: |  1  2  3  4  5  6 |
---------------+-------------------+-----
Unarmed Combat | 3 4 5 |  5.3
Fighting       | 3 4 |  4.0
Throwing       | |  1.7
Dodging        | |  2.6

Action                   |  1- 3 |  4- 6 || total
-------------------------+-------+-------++-------
Melee: Unarmed           |   198 |   194 ||   392
       Punch             |     3 |     5 ||     8
       Headbutt          |       |    29 ||    29
Throw: Stone             |       |     1 ||     1
  Use: Scroll            |     2 |     5 ||     7
       Potion            |       |     5 ||     5
 Stab: Sleeping          |     3 |       ||     3
  Eat: Chunk             |     3 |     8 ||    11
Armor: Leather armour    |    38 |    34 ||    72
Dodge: Dodged            |    95 |    96 ||   191
Block: Other             |    14 |    32 ||    46

Table legend:
 A = Non-vault XP
 B = Vault XP
 C = Vault XP percentage of total XP
 D = Non-vault monster count
 E = Vault monster count
 F = Vault count percentage of total count
                 A         B        C        D         E       F
            +---------+---------+-------+---------+---------+-------
      Total |     400 |       7 |   1.7 |      94 |       2 |   2.1
            +---------+---------+-------+---------+---------+-------
        D:1 |      51 |       0 |   0.0 |      31 |       0 |   0.0
        D:2 |      92 |       7 |   7.1 |      26 |       2 |   7.1
        D:3 |     245 |       0 |   0.0 |      33 |       0 |   0.0
        D:4 |      12 |       0 |   0.0 |       4 |       0 |   0.0
            +---------+---------+-------+---------+---------+-------
